AoeStats
← AkHide1

Black Forest

508159053Analyzed
4v4 RM · 10d ago on Sep 21, 2026· 14m 20s· 8 players
Game mode
Random Map
Map size
Large (8 player)
Population
200
Speed
Normal
Resources
Standard
Victory
Conquest
Starting age
Dark Age
Ending age
Imperial Age
RankedLock teamsTeams togetherTeam positionsShared explorationLock speedFull tech treeHidden civsTurbo modeCheats
Victory
Defeat
🇺🇸 Turks · United States
1087
+17
🇺🇸 Khmer · United States
1083
+17
🇺🇸 Ethiopians · United States
1034
+19
🇺🇸 Persians · United States
1002
+20
🇺🇸 Chinese · United States
1160
-21
🇦🇷 Mongols · Argentina
1100
-18
🇦🇷 Poles · Argentina
1086
-18
🇺🇸 Wei · United States
1037
-16
RaffaEP
0:27 Loom
Mr Frundles5508
0:28 Loom
TheDuff_KøK
2:02 Loom
AkHide1
1:49 Loom
Tall Blonde Beautiful
1:37 Loom
16:15 Feudal Age
PapiChullo
0:35 Loom
Koality
1:29 Loom
SlickSloth
0:30 Loom
Connection lost

Rejoining the realm…

Still unreachable

The connection could not be restored.

Session expired

The server has moved on; the page needs a fresh start.